 Dungeon Crawl Stone Soup version 0.30-a0-777-ga9a30cbeda (webtiles) character file.

Game seed: 16603439628326232961

2639 jimonade the Basher (level 9, -1/98 HPs)
             Began as an Ogre Gladiator on Feb 13, 2023.
             Slain by an orc priest
             ... wielding a +0 short sword
              (4 damage)
             ... on level 6 of the Dungeon.
             The game lasted 00:10:14 (3591 turns).

jimonade the Basher (Ogre Gladiator)                Turns: 3591, Time: 00:10:15

Health: -1/98      AC:  3    Str: 19 (20) XL:     9   Next: 61%
Magic:  9/9        EV: 10    Int: 10 (13) God:
Gold:   103        SH:  0    Dex:  7 (10) Spells: 8/8 levels left

rFire   + . .      SeeInvis .    a - +1 mace (spect)
rCold   + . .      Faith    .    (no shield)
rNeg    + . .      Spirit   .    q - +1 troll leather armour
rPois   +          Reflect  .    c - +0 hat
rElec   +          Harm     .    (no cloak)
rCorr   +          Rampage  .    (gloves unavailable)
Will    .....                    (boots unavailable)
Stlth   +                        y - amulet of the acrobat
HPRegen 1.16/turn                w - ring of positive energy
MPRegen 0.11/turn                (no ring)

@: resistant, corroded, slowed, very slow
A: large, unfitting armour, tough skin 1
a: no special abilities


You were on level 6 of the Dungeon.
You visited 1 branch of the dungeon, and saw 6 of its levels.

You collected 103 gold pieces.

Inventory:

Hand Weapons
 a - a +1 spectral mace (weapon)
 f - a +1 short sword of electrocution
 l - a +0 flail
Missiles
 i - 36 stones (quivered)
Armour
 b - a +0 robe
 c - a +0 hat (worn)
 q - a +1 troll leather armour (worn)
Jewellery
 w - a ring of positive energy (left hand)
 y - an amulet of the acrobat (around neck)
 A - an amulet of faith
Scrolls
 g - a scroll of immolation
 o - 2 scrolls of enchant armour
Potions
 m - a potion of resistance
 p - a potion of ambrosia {unknown}
 r - a potion of curing
 s - 2 potions of attraction {unknown}
 t - 2 potions of flight {unknown}
 v - a potion of heal wounds
 x - a potion of haste {unknown}
 z - a potion of invisibility {unknown}
 C - a potion of brilliance {unknown}
 D - 2 potions of berserk rage {unknown}
 E - a potion of magic {unknown}


   Skills:
 + Level 9.2 Fighting
 * Level 10.4 Maces & Flails
 + Level 6.8 Throwing
 + Level 5.7 Armour
 + Level 7.0 Dodging


You had 8 spell levels left.
You didn't know any spells.
Your spell library contained the following spells:

 Spells                   Type           Power      Damage    Failure   Level
 Apportation              Tloc           0%         N/A       41%         1
 Necrotise                Necr           0%         1d4       41%         1
 Summon Small Mammal      Summ           0%         N/A       41%         1
 Cigotuvi's Dreadful Rot  Necr/Pois/Air  0%         N/A       54%         2
 Ignite Poison            Fire/Tmut/Pois 0%         N/A       78%         3
 Kindle Blastsparks       Fire/Tloc/Air  0%         2d10      78%         3
 Dispel Undead            Necr           0%         3d6       99%         4
 Alistair's Intoxication  Tmut/Pois      0%         N/A       100%        5
 Borgnjor's Vile Clutch   Necr/Erth      0%         N/A       100%        5
 Freezing Cloud           Conj/Ice/Air   0%         6-21      100%        5
 Death Channel            Necr           0%         N/A       100%        6
 Eringya's Noxious Bog    Tmut/Pois      0%         N/A       100%        6


Dungeon Overview and Level Annotations

Branches:
Dungeon (6/15)
 Temple: D:4-7

Altars:
Elyvilon
Ru
Vehumet

Annotations:
D:5 Blork the orc, Sigmund


Innate Abilities, Weirdness & Mutations

You are too large for most types of armour.
You have tough skin. (AC +1)


Message History

* * * LOW HITPOINT WARNING * * *
The kobold barely misses you. The kobold hits you but does no damage.
The kobold hits you with a +0 club.
* * * LOW HITPOINT WARNING * * *
It was a potion of heal wounds.
You feel much better. The kobold hits you but does no damage.
The kobold hits you with a +0 short sword.
The orc priest barely misses you. The kobold hits you but does no damage.
You hit the orc priest.
The orc priest is almost dead.
The kobold zaps a wand.
The bolt of acid hits you. You resist.
* * * LOW HITPOINT WARNING * * *
The acid corrodes you!
The kobold hits you with a +0 short sword.
* * * LOW HITPOINT WARNING * * *
The orc priest calls down the wrath of Beogh upon you.
Beogh smites you!
* * * LOW HITPOINT WARNING * * *
The kobold hits you but does no damage.
You hear a shout!
You barely miss the orc priest.
The orc priest is almost dead.
You hear a shout!
The kobold zaps a wand.
The bolt of acid hits you! You resist.
* * * LOW HITPOINT WARNING * * *
The kobold hits you but does no damage. The kobold hits you with a +0 club.
* * * LOW HITPOINT WARNING * * *
The orc priest hits you with a +0 short sword.
* * * LOW HITPOINT WARNING * * *
The orc priest hits you but does no damage.
The kobold hits you but does no damage. The kobold hits you with a +0 club.
* * * LOW HITPOINT WARNING * * *
The kobold zaps a wand.
The bolt of acid misses you.
You closely miss the orc priest.
The orc priest is almost dead.
The kobold hits you but does no damage.
The kobold hits you with a +0 short sword.
* * * LOW HITPOINT WARNING * * *
The orc priest hits you with a +0 short sword.
You die...

#..?...#
#..$...#.......... ..
.#......#...#...... ..
≈.!.....#o.......# ..
.≈......#o.K..... ..
≈.≈.....#..)...# ..
..$.....#K.....# ..
≈.≈...K@#......# ...
.≈....KoK......# ...
≈.≈####oK#.....### ...
. .......#.....# ...
≈.......>#.....# ...
≈........##.....#######
.≈.......#...........##
.........#...........##
.≈......##...........##


You could see an orc priest, an orc and 4 kobolds.

Vanquished Creatures
  Grinder (D:3)
  A sky beast (D:4)
  An ogre (D:5)
  A phantom (D:4)
  A kobold brigand (D:6)
  A scorpion (D:5)
  Jessica (D:3)
  Terence (D:3)
  Natasha (thrice) (D:3)
  4 gnolls (D:3)
  4 adders
  A white imp (D:6)
  2 orcs
  7 ball pythons
  4 endoplasms
  3 giant cockroaches (D:1)
  3 goblins
  8 hobgoblins
  2 jackals (D:1)
  7 kobolds
  A quokka (D:1)
  3 bats
  3 frilled lizards (D:1)
  6 rats
69 creatures vanquished.

Notes
Turn   | Place    | Note
-------+----------+-------------------------------------------
     0 | D:1      | jimonade the Ogre Gladiator began the quest for the Orb.
     0 | D:1      | Reached XP level 1. HP: 22/22 MP: 1/1
   268 | D:1      | Reached skill level 3 in Maces & Flails
   268 | D:1      | Reached XP level 2. HP: 29/29 MP: 2/2
   650 | D:1      | Reached XP level 3. HP: 35/36 MP: 3/3
  1066 | D:2      | Identified the +0 leather armour "Lius" {rC- Int+3}
  1402 | D:3      | Noticed Natasha
  1423 | D:3      | Killed Natasha
  1424 | D:3      | Reached skill level 4 in Maces & Flails
  1424 | D:3      | Reached XP level 4. HP: 26/45 MP: 4/4
  1740 | D:3      | Noticed Natasha
  1782 | D:3      | Killed Natasha
  1826 | D:3      | Noticed Jessica
  1838 | D:3      | Killed Jessica
  1839 | D:3      | Reached XP level 5. HP: 48/53 MP: 5/5
  1878 | D:3      | Noticed Terence
  1894 | D:3      | Killed Terence
  1939 | D:3      | Noticed Grinder
  1958 | D:3      | Paralysed by Grinder for 5 turns
  1974 | D:3      | Killed Grinder
  1975 | D:3      | Reached skill level 5 in Maces & Flails
  1975 | D:3      | Reached skill level 1 in Armour
  1975 | D:3      | Reached XP level 6. HP: 42/62 MP: 6/6
  2208 | D:3      | Noticed Natasha
  2218 | D:3      | Killed Natasha
  2446 | D:4      | Found a sacrificial altar of Ru.
  2450 | D:4      | Found a radiant altar of Vehumet.
  2511 | D:4      | Reached XP level 7. HP: 42/70 MP: 7/7
  3228 | D:5      | Entered Level 5 of the Dungeon
  3255 | D:5      | Noticed Blork the orc
  3295 | D:5      | HP: 2/70 [Blork the orc/+2 trident of protection (3)]
  3303 | D:5      | Noticed Sigmund
  3317 | D:5      | Reached skill level 9 in Maces & Flails
  3317 | D:5      | Reached skill level 5 in Throwing
  3317 | D:5      | Reached XP level 8. HP: 16/88 MP: 8/8
  3318 | D:5      | Reached skill level 10 in Maces & Flails
  3318 | D:5      | Reached skill level 5 in Armour
  3318 | D:5      | Reached XP level 9. HP: 19/98 MP: 9/9
  3495 | D:6      | Found a white marble altar of Elyvilon.
  3587 | D:6      | HP: 4/98 [orc priest/divine providence (13)]
  3591 | D:6      | Slain by an orc priest

Illustrated notes

Levels and vault maps discovered:
D:1:      dpeg_arrival_tiny_a, layout_basic
D:2:      layout_rooms
D:3:      layout_loops_ring, nicolae_overflow_hidden_temple, uniq_terence,
          uniq_grinder, uniq_jessica, uniq_natasha
D:4:      layout_cave_pods, mainiacjoe_overflow_large_starburst
D:5:      layout_basic, minmay_temple_entry_arrows, uniq_sigmund,
          uniq_blork_the_orc
D:6:      layout_basic, elyvilon_altar_1, dreamdust_princess_bridge,
          kennysheep_crisscross, minmay_pentangle, uniq_duvessa

Skill      XL: |  1  2  3  4  5  6  7  8 |
---------------+-------------------------+-----
Maces & Flails | 3 4 5 9 10 | 10.4
Dodging        | 3 6 7 |  7.0
Fighting       | 3 4 7 9 |  9.2
Armour         | 1 2 4 5 |  5.7
Throwing       | 5 6 |  6.8

Action                     |  1- 3 |  4- 6 |  7- 9 || total
---------------------------+-------+-------+-------++-------
  Melee: Flail             |    29 |       |       ||    29
         Mace              |    82 |   139 |    95 ||   316
         Punch             |       |     4 |     1 ||     5
  Throw: Throwing net      |       |     5 |     2 ||     7
         Large rock        |       |     1 |     1 ||     2
    Use: Scroll            |       |       |     9 ||     9
         Potion            |       |       |     6 ||     6
   Stab: Sleeping          |     1 |       |       ||     1
 Armour: Robe              |    41 |       |       ||    41
         Troll leather arm |    16 |    28 |    66 ||   110
  Dodge: Dodged            |    69 |    46 |    80 ||   195

Table legend: (Time is in decaauts)
 A = Elapsed time spent in this place.
 B = Non-inter-level travel time spent in this place.
 C = Inter-level travel time spent in this place.
 D = Time resting spent in this place.
 E = Time spent auto-exploring this place.
 F = Levels seen in this place.
 G = Mean time per level.
                   A        B        C        D        E       F      G
               +--------+--------+--------+--------+--------+-----+--------+
         Total |   3661 |   3510 |    151 |    232 |   2212 |   6 |  610.2 |
       Dungeon |   3661 |   3510 |    151 |    232 |   2212 |   6 |  610.2 |
               +--------+--------+--------+--------+--------+-----+--------+

Top non-repeatable levels by time:
     D:1: 1023 daAuts
     D:3: 1014 daAuts
     D:4: 853 daAuts
     D:2: 394 daAuts
     D:6: 261 daAuts
     D:5: 113 daAuts
